 Dungeon Crawl Stone Soup version 0.29.1-15-g9cfb28693d (webtiles) character file.

Game seed: 2415094769846084959

343 Barneous the Sneak (level 6, -1/37 HPs)
             Began as an Octopode Hedge Wizard on Mar 16, 2023.
             Succumbed to a scorpion's poison
             ... on level 5 of the Dungeon.
             The game lasted 00:13:24 (4831 turns).

Barneous the Sneak (Octopode Hedge Wizard)          Turns: 4831, Time: 00:13:24

Health: -1/37      AC:  1    Str: 10    XL:     6   Next: 57%
Magic:  6/11       EV: 17    Int: 24    God:
Gold:   233        SH:  0    Dex: 11    Spells: 3/11 levels left

rFire   . . .      SeeInvis .   h - +2 dagger (pain)
rCold   + . .      Faith    .   (no shield)
rNeg    . . .      Spirit   .   b - +0 hat
rPois   .          Reflect  .   (no amulet)
rElec   .          Harm     .   e - +4 ring of evasion
rCorr   .          Rampage  .   f - ring of protection from cold
Will    +....                   d - ring of willpower
Stlth   ++++......              k - +6 ring of intelligence
HPRegen 0.12/turn               (no ring)
MPRegen 0.12/turn               (no ring)
                                (no ring)
                                (no ring)

@: lethally poisoned (-1 -> -9), on blink cooldown, very slightly contaminated
A: almost no armour, amphibious, 8 rings, camouflage 1, gelatinous body 1,
(nimble swimmer 1), tentacles
a: no special abilities


You were on level 5 of the Dungeon.
You visited 1 branch of the dungeon, and saw 5 of its levels.

You collected 233 gold pieces.

Inventory:

Hand Weapons
 h - a +2 dagger of pain (weapon)
Armour
 b - a +0 hat (worn)
Jewellery
 d - a ring of willpower (on tentacle)
 e - a +4 ring of evasion (left tentacle)
 f - a ring of protection from cold (right tentacle)
 k - a +6 ring of intelligence (on tentacle)
Scrolls
 g - 2 scrolls of identify
 i - a scroll of teleportation
 j - a scroll of magic mapping
Potions
 a - 2 potions of curing
 c - a potion of might


   Skills:
 + Level 0.3 Fighting
 * Level 2.2 Short Blades
 * Level 2.7 Dodging
 * Level 5.0 Stealth
 * Level 1.6 Unarmed Combat
 + Level 3.3 Spellcasting
 * Level 2.0 Conjurations
 * Level 1.8 Summonings
 * Level 1.0 Necromancy
 * Level 2.4 Translocations


You had 3 spell levels left.
You knew the following spells:

 Your Spells              Type           Power      Damage    Failure   Level
a - Magic Dart            Conj           52%        1d5       4%          1
b - Blink                 Tloc           30%        N/A       6%          2
c - Call Imp              Summ           12%        N/A       8%          2
d - Mephitic Cloud        Conj/Pois/Air  7%         N/A       24%         3

Your spell library contained the following spells:

 Spells                   Type           Power      Damage    Failure   Level
 Beastly Appendage        Tmut           8%         N/A       11%         1
 Slow                     Hex            16%        N/A       11%         1
 Wereblood                Tmut           4%         N/A       16%         2
 Conjure Flame            Conj/Fire      8%         6-21      21%         3
 Spider Form              Tmut/Pois      4%         N/A       30%         3


Dungeon Overview and Level Annotations

Branches:
Dungeon (5/15)             Temple (0/1) D:5

Altars:
Ru

Shops:
D:2 *


Innate Abilities, Weirdness & Mutations

You cannot wear most types of armour.
You are amphibious.
You can wear up to eight rings at the same time.
Your skin changes colour to match your surroundings (Stealth+).
Your rubbery body absorbs attacks. (AC +1, EV +1)
((You are camouflaged when in or above water. (Stealth+)))
You have tentacles for arms and can constrict up to eight enemies at once.


Message History

Nothing appears to happen.
The orc priest mumbles some strange prayers to Beogh against you.
Beogh smites you!
A scorpion and an adder come into view.
The scorpion moves out of view.
There is a staircase to the Ecumenical Temple, spattered with blood here.
You closely miss the orc priest. You grab the orc priest.
You constrict the orc priest, but do no damage.
You hit the orc priest but do no damage.
You squeeze the orc priest.
The orc priest is heavily wounded.
You constrict the orc priest, but do no damage.
The orc priest barely misses you.
The orc wizard hits you with a +0 dagger.
You hit the orc priest but do no damage.
You squeeze the orc priest.
The orc priest is almost dead.
You constrict the orc priest, but do no damage.
The orc priest misses you. The orc wizard closely misses you.
You closely miss the orc wizard. You grab the orc wizard.
You constrict the orc wizard, but do no damage.
You constrict the orc priest.
You kill the orc priest!
The orc wizard hits you with a +0 dagger.
The adder completely misses you.
You hit the orc wizard. You squeeze the orc wizard.
The orc wizard is moderately wounded.
You constrict the orc wizard, but do no damage.
The orc wizard hits you with a +0 dagger.
* * * LOW HITPOINT WARNING * * *
The adder bites you.
* * * LOW HITPOINT WARNING * * *
The scorpion stings you!
* * * LOW HITPOINT WARNING * * *
You are lethally poisoned!
The scorpion poisons you!
Casting: Mephitic Cloud (quite dangerous; 24% risk of failure)
Confirm with . or Enter, or press ? or * to list all spells.
You blink.
You lose your grip on the orc wizard.
You die...

. ##.##.##.##.##..#
..#.........#...).
.................. ..
#..⌠.(.⌠..#..#
...#...so....#.)#
......)§)....<.#
..#...S.....#.........
...#..⌠...⌠..#.....####
.......@.......#####
...#.........### .
##.##.##.## .........#
###########


You could see a scorpion, an orc wizard and an adder.

Vanquished Creatures
  Eustachio (D:4)
  A hound (D:4)
  An orc priest (D:5)
  3 adders
  5 worms (D:2)
  4 dart slugs
  3 orcs
  3 endoplasms
  3 giant cockroaches
  10 goblins
  7 hobgoblins
  4 quokkas
  6 ball pythons
  5 bats
  3 frilled lizards
  5 kobolds
  3 rats
67 creatures vanquished.

Vanquished Creatures (collateral kills)
  An iguana (D:4)
1 creature vanquished.

Grand Total: 68 creatures vanquished

Notes
Turn   | Place    | Note
-------+----------+-------------------------------------------
     0 | D:1      | Barneous the Octopode Hedge Wizard began the quest for the
                  | Orb.
     0 | D:1      | Reached XP level 1. HP: 11/11 MP: 4/4
   635 | D:1      | Reached skill level 3 in Stealth
   635 | D:1      | Reached XP level 2. HP: 17/17 MP: 6/6
   907 | D:1      | You fall into a shaft and drop 1 floor!
  1073 | D:1      | Reached skill level 1 in Short Blades
  1117 | D:1      | Reached XP level 3. HP: 21/21 MP: 7/7
  1349 | D:2      | Found Byjushrat's General Store.
  1366 | D:2      | Reached skill level 4 in Stealth
  1530 | D:2      | Identified the +0 pair of boots of Cocytus {rF+ rN+}
  1662 | D:2      | Found a faded altar of an unknown god.
  1815 | D:2      | Reached XP level 4. HP: 27/27 MP: 8/8
  2121 | D:2      | Found a sacrificial altar of Ru.
  2484 | D:3      | Reached skill level 1 in Unarmed Combat
  3028 | D:3      | Learned a level 2 spell: Blink
  3031 | D:3      | Learned a level 2 spell: Call Imp
  3727 | D:4      | Reached XP level 5. HP: 31/31 MP: 1/9
  3850 | D:4      | Noticed Eustachio
  3876 | D:4      | HP: 1/31 [Eustachio/+0 falchion (12)]
  3881 | D:4      | Killed Eustachio
  3882 | D:4      | Reached skill level 5 in Stealth
  3882 | D:4      | Reached skill level 1 in Necromancy
  3882 | D:4      | Reached XP level 6. HP: 13/37 MP: 3/11
  4810 | D:4      | Learned a level 3 spell: Mephitic Cloud
  4811 | D:5      | Entered Level 5 of the Dungeon
  4811 | D:5      | Found a staircase to the Ecumenical Temple.
  4830 | D:5      | HP: 1/37 [scorpion (7)]
  4831 | D:5      | Succumbed to a scorpion's poison

Illustrated notes

Levels and vault maps discovered:
D:1:      ncdulo_lavacross, layout_basic
D:2:      layout_loops_ring, basic_altar, shapermc_ecumenical_altar_gd,
          serial_shops, shop_statue, nicolae_wormholes
D:3:      layout_basic
D:4:      layout_cave_pods, kennysheep_generic_room_11, uniq_eustachio
D:5:      lemuel_ice_spiral_2, layout_rooms, grunt_ashenzari_visionary
          [grunt_ashenzari_visionary_swamp, grunt_ashenzari_visionary_spider],
          minmay_temple_entry_large_hall, serial_shops, shop

Skill      XL: |  1  2  3  4  5  6 |
---------------+-------------------+-----
Stealth        | 3 4 5 |  5.0
Short Blades   | 1 2 |  2.2
Unarmed Combat | 1 |  1.6
Necromancy     | 1 |  1.0
Translocations | 2 |  2.4
Conjurations   | 2 |  2.0
Fighting       | |  0.3
Dodging        | |  2.7
Spellcasting   | |  3.3
Summonings     | |  1.8

Action                   |  1- 3 |  4- 6 || total
-------------------------+-------+-------++-------
Melee: Short sword       |    54 |       ||    54
       Dagger            |    10 |    80 ||    90
       Constrict         |    15 |    15 ||    30
       Tentacles         |     6 |    18 ||    24
       Punch             |       |     2 ||     2
 Cast: Magic Dart        |     8 |    39 ||    47
       Call Imp          |       |     3 ||     3
       Blink             |       |     1 ||     1
  Use: Potion            |     4 |     7 ||    11
       Scroll            |     3 |     5 ||     8
 Stab: Sleeping          |     7 |    10 ||    17
       Distracted        |     1 |       ||     1
Armor: Skin              |     4 |     1 ||     5
Dodge: Dodged            |    45 |    75 ||   120
